 Dungeon Crawl Stone Soup version 0.28.0-53-g5a82cb258f (webtiles) character file.

Game seed: 16602675806543194996

63 DocClef the Skirmisher (level 3, -1/33 HPs)
             Began as a Draconian Fighter on June 15, 2022.
             Succumbed to an adder's poison
             ... on level 2 of the Dungeon.
             The game lasted 00:00:58 (1554 turns).

DocClef the Skirmisher (Draconian Fighter)          Turns: 1554, Time: 00:00:59

Health: -1/33      AC:  5    Str: 20    XL:     3   Next: 87%
Magic:  3/3        EV: 12    Int:  8    God:
Gold:   78         SH:  4    Dex: 10    Spells: 2/2 levels left

rFire   . . .      SeeInvis .   a - +0 rapier
rCold   . . .      Faith    .   b - +0 buckler
rNeg    . . .      Spirit   .   (armour unavailable)
rPois   .          Reflect  .   (helmet restricted)
rElec   .          Harm     .   (no cloak)
rCorr   .          Rampage  .   (no gloves)
Will    .....                   (no boots)
Stlth   +.........              (no amulet)
HPRegen 0.11/turn               (no ring)
MPRegen 0.08/turn               (no ring)

@: lethally poisoned (-1 -> -6)
A: AC +5, unfitting armour, cold-blooded
a: no special abilities


You were on level 2 of the Dungeon.
You visited 1 branch of the dungeon, and saw 2 of its levels.

You collected 78 gold pieces.

Inventory:

Hand Weapons
 a - a +0 rapier (weapon)
Armour
 b - a +0 buckler (worn)
Jewellery
 e - a ring of flight
 j - a ring of resist corrosion
Scrolls
 d - a scroll of teleportation {unknown}
 g - 2 scrolls of noise {unknown}
 h - a scroll of fog {unknown}
 i - a scroll of enchant weapon {unknown}
 k - a scroll of fear {unknown}
Potions
 c - a potion of might
 f - a potion of curing {unknown}


   Skills:
 + Level 3.8 Fighting
 + Level 3.0 Short Blades
 + Level 3.3 Dodging
 + Level 0.1 Stealth
 - Level 3.0 Shields


You had 2 spell levels left.
You didn't know any spells.
Your spell library contained the following spells:

 Spells                   Type           Power      Damage    Failure   Level
 Slow                     Hex            0%         N/A       50%         1
 Confusing Touch          Hex            0%         N/A       86%         3
 Vampiric Draining        Necr           0%         2d6       86%         3
 Yara's Violent Unravell  Hex/Tmut       0%         3d3       100%        5
 Enfeeble                 Hex            0%         N/A       100%        7


Dungeon Overview and Level Annotations

Branches:
Dungeon (2/15)

Altars:
Makhleb


Innate Abilities, Weirdness & Mutations

Your plain brown scales are hard. (AC +5)
You cannot fit into any form of body armour.
You are cold-blooded and may be slowed by cold attacks.


Message History

You are too injured to fight recklessly!
You are too injured to fight recklessly!
You are too injured to fight recklessly!
You are too injured to fight recklessly!
You are too injured to fight recklessly!
You are too injured to fight recklessly!
You are too injured to fight recklessly!
You feel sick. The hobgoblin barely misses you.
You feel sick.
You barely miss the adder.
The adder is moderately wounded.
You feel sick.
You are no longer poisoned.
The adder bites you.
* * * LOW HITPOINT WARNING * * *
The adder closely misses you.
You miss the adder.
The adder is moderately wounded.
The adder bites you but does no damage.
You hit the adder but do no damage.
The adder is moderately wounded.
The adder bites you.
* * * LOW HITPOINT WARNING * * *
You barely miss the adder.
The adder is moderately wounded.
You block the adder's attack.
You hit the adder.
The adder is heavily wounded.
The adder bites you.
* * * LOW HITPOINT WARNING * * *
You are lethally poisoned!
The adder poisons you! The adder barely misses you.
You miss the adder.
The adder is heavily wounded.
* * * LOW HITPOINT WARNING * * *
You feel sick. The adder misses you.
Unknown command.
You puncture the adder!
You kill the adder!
You die...

# # #.#### ##.
#....#####
..#######....)#
....#....###.#
#####..#........#
#....(.#.#####..#
##### .# #
#g.@#####..#
#.... .#.#
######.....#
#.### ###.#.##
#.##.## #.#..
#......# # #.#
#.#.# ####.....#
## #.######.#
#........# .
#......(.#
#.##.....#.#
##########
##.##......#
.........#.#


You could see a hobgoblin.

Vanquished Creatures
  Jessica (D:2)
  An adder (D:2)
  2 dart slugs
  4 ball pythons
  7 endoplasms
  2 giant cockroaches (D:1)
  A goblin (D:2)
  A hobgoblin (D:1)
  3 quokkas
  A bat (D:1)
  A frilled lizard (D:1)
  4 kobolds
  4 rats
32 creatures vanquished.

Notes
Turn   | Place    | Note
-------+----------+-------------------------------------------
     0 | D:1      | DocClef the Draconian Fighter began the quest for the Orb.
     0 | D:1      | Reached XP level 1. HP: 19/19 MP: 1/1
   290 | D:1      | Reached XP level 2. HP: 15/26 MP: 2/2
  1112 | D:2      | Found a burning altar of Makhleb.
  1194 | D:2      | Noticed Jessica
  1203 | D:2      | Killed Jessica
  1204 | D:2      | Reached XP level 3. HP: 25/33 MP: 3/3
  1553 | D:2      | HP: 1/33 [poisoned by an adder]
  1554 | D:2      | Succumbed to an adder's poison

Illustrated notes

Levels and vault maps discovered:
D:1:      mushboom_english_gardens, layout_loops_corners
D:2:      layout_loops_ring, basic_altar, uniq_jessica

Skill      XL: |  1  2  3 |
---------------+----------+-----
Dodging        | 3 |  3.3
Short Blades   | 3 |  3.0
Fighting       | |  3.8
Stealth        | |  0.1
Shields        | |  3.0

Action                   || total
-------------------------++-------
Melee: Rapier            ||    93
       Tailslap          ||     7
 Stab: Sleeping          ||     1
Armor: Skin              ||    21
Dodge: Dodged            ||    59
Block: Buckler           ||    11
